 Dungeon Crawl Stone Soup version 0.23-a0-128-g2d122ddfbf (webtiles) character file.

89028 Drachen the Fighter (level 15, -11/97 HPs)
             Began as an Octopode Fighter on Aug 27, 2018.
             Was the Champion of Ru.
             Killed by the air
             ... invoked by a blizzard demon
              (17 damage)
             ... on level 4 of the Abyss.
             The game lasted 02:02:27 (27108 turns).

Drachen the Fighter (Octopode Fighter)             Turns: 27108, Time: 02:02:28

Health: -11/97     AC:  3    Str: 20    XL:     15   Next: 95%
Magic:  0/17       EV: 20    Int: 15    God:    Ru [******]
Gold:   2010       SH: 12    Dex: 17    Spells: 2/17 levels left

rFire    + + .     SeeInvis +   w - +10 falchion "Akituemm" {drain, rC++ SInv Stlth+}
rCold    + . .     Gourm    .   F - +0 shield
rNeg     + . .     Faith    .   P - +2 hat of the Bear Spirit {Spirit, +Rage rN+ MR++}
rPois    +         Spirit   +   U - amulet of the acrobat
rElec    +         Reflect  .   i - ring of poison resistance
rCorr    .         Harm     .   V - ring of see invisible
MR       +++..     Rnd*Rage +   t - +2 ring of strength
Stlth    ++++......             l - ring of fire
HPRegen  0.26/turn              y - ring of Mousimow {rElec rC+ Int+4 Slay+3}
MPRegen  0.15/turn              X - +2 ring of slaying
                                W - ring of fire
                                (no ring)

@: exhausted, about to teleport, very slightly contaminated, heavily drained
A: almost no armour, stealthy swim, amphibious, 8 rings, constrict 8, camouflage
1, berserk 1, frail 1, strong 1, gelatinous body 1, subdued magic 1, inability
to use devices, hated by all, unskilled 1
a: Draw Out Power, Power Leap, Apocalypse, Renounce Religion


You were on level 4 of the Abyss.
You worshipped Ru.
Ru was exalted by your worship.
You were very hungry.

You visited 4 branches of the dungeon, and saw 21 of its levels.
You visited the Abyss 1 time.
You also visited: Bailey and Ice Cave.

You collected 2455 gold pieces.
You spent 445 gold pieces at shops.

Inventory:

Hand Weapons
 v - a +5 long sword of holy wrath
 w - the +10 falchion "Akituemm" (weapon) {drain, rC++ SInv Stlth+}
   (You bought it in a shop on level 9 of the Dungeon)

   A truly terrible weapon, it drains the life of those it strikes.
   It greatly protects you from cold.
   It lets you see invisible.
   It makes you more stealthy.
 J - the +0 dagger "Keuffir" {pain, MP-9 Int+6 Dex+6}
   (You found it on level 6 of the Lair of Beasts)

   In the hands of one skilled in necromantic magic, it inflicts extra damage on
   living creatures.
   It affects your intelligence (+6).
   It affects your dexterity (+6).
   It affects your magic capacity (-9).
 S - a +1 scimitar of flaming
Missiles
 k - 7 javelins (quivered)
 L - 69 tomahawks
 O - a throwing net
Armour
 b - a +0 hat of magic resistance
 F - a +0 shield (worn)
 P - the +2 hat of the Bear Spirit (worn) {Spirit, +Rage rN+ MR++}
   (You found it on level 6 of the Lair of Beasts)

   It protects you from negative energy.
   It affects your resistance to hostile enchantments.
   It lets you go berserk.
Jewellery
 g - an uncursed amulet of harm
 i - a ring of poison resistance (left tentacle)
 l - a ring of fire (on tentacle)
 t - a +2 ring of strength (on tentacle)
 y - the ring of Mousimow (on tentacle) {rElec rC+ Int+4 Slay+3}
   (You found it on level 2 of the Lair of Beasts)

   [ring of intelligence]

   It affects your intelligence (+4).
   It affects your accuracy and damage with ranged weapons and melee attacks
   (+3).
   It protects you from cold.
   It insulates you from electricity.
 K - the macabre finger necklace {rN+}
   (You found it in an ice cave)

   [amulet of nothing]

   It protects you from negative energy.
 U - an amulet of the acrobat (around mantle)
 V - a ring of see invisible (right tentacle)
 W - a ring of fire (on tentacle)
 X - a +2 ring of slaying (on tentacle)
Scrolls
 a - a scroll of identify
 n - 6 scrolls of immolation
 p - 9 scrolls of remove curse
 x - a scroll of teleportation
 z - 7 scrolls of enchant armour
 B - 2 scrolls of vulnerability
 D - 3 scrolls of amnesia
 M - 4 scrolls of enchant weapon
 N - a scroll of fog
 T - a scroll of torment
Potions
 c - 3 potions of might
 e - 3 potions of brilliance
 f - 4 potions of curing
 h - 4 potions of resistance
 j - 5 potions of ambrosia
 r - 3 potions of cancellation
 u - 2 potions of invisibility
 C - 3 potions of haste
 E - 3 potions of flight
 G - a potion of berserk rage
 H - a potion of magic
 I - a potion of lignification
 Z - 2 potions of agility
Comestibles
 d - 19 rations


   Skills:
 + Level 11.8(10.2) Fighting
 + Level 11.8(10.2) Long Blades
 + Level 11.7(10.2) Dodging
 - Level 3.9(2.6) Stealth
 + Level 11.7(10.2) Shields
 - Level 1.8(0.6) Spellcasting
 - Level 5.6(4.2) Hexes
 - Level 7.5(6.1) Charms
 - Level 5.4(4.1) Translocations
 - Level 3.6(2.4) Air Magic


You had 2 spell levels left.
You knew the following spells:

 Your Spells              Type           Power        Failure   Level  Hunger
a - Blink                 Tloc           N/A          11%         2    ###....
b - Shroud of Golubria    Chrm/Tloc      ##........   7%          2    ###....
c - Infusion              Chrm           ##..         2%          1    ##.....
d - Song of Slaying       Chrm           ##......     4%          2    ###....
e - Swiftness             Chrm/Air       ##......     10%         2    ###....
f - Spectral Weapon       Hex/Chrm       ##......     14%         3    ####...
g - Regeneration          Chrm/Necr      #.........   34%         3    ####...

Your spell library contained the following spells:

 Spells                   Type           Power        Failure   Level  Hunger
 Apportation              Tloc           #.....       7%          1    ##.....
 Confusing Touch          Hex            ##....       7%          1    ##.....
 Slow                     Hex            ##......     10%         2    ###....
 Shock                    Conj/Air       #...         24%         1    ##.....
 Beastly Appendage        Tmut           #.....       38%         1    ##.....
 Flame Tongue             Conj/Fire      #....        38%         1    ##.....
 Freeze                   Ice            #...         38%         1    ##.....
 Magic Dart               Conj           #...         38%         1    ##.....
 Passwall                 Tmut/Erth      #.......     54%         2    ###....
 Sticks to Snakes         Tmut           #.......     54%         2    ###....
 Throw Flame              Conj/Fire      #.....       54%         2    ###....
 Tukima's Dance           Hex            ##......     21%         3    ####...
 Lesser Beckoning         Tloc           #.........   22%         3    ####...
 Inner Flame              Hex/Fire       ##......     47%         3    ####...
 Static Discharge         Conj/Air       #.......     61%         3    ####...
 Mephitic Cloud           Conj/Pois/Air  #.......     67%         3    ####...
 Conjure Flame            Conj/Fire      #.......     78%         3    ####...
 Spider Form              Tmut/Pois      #.........   78%         3    ####...
 Airstrike                Air            #.........   83%         4    #####..
 Excruciating Wounds      Chrm/Necr      #.........   98%         5    ######.
 Ice Form                 Ice/Tmut       #.......     99%         4    #####..
 Petrify                  Tmut/Erth      #.......     99%         4    #####..
 Sticky Flame             Conj/Fire      #.......     99%         4    #####..
 Alistair's Intoxication  Tmut/Pois      #.......     100%        5    ######.
 Blade Hands              Tmut           #.........   100%        5    ######.
 Dispel Undead            Necr           #.......     100%        5    ######.
 Fireball                 Conj/Fire      #.........   100%        5    ######.
 Lightning Bolt           Conj/Air       #.........   100%        5    ######.
 Bolt of Cold             Conj/Ice       #.........   100%        6    #######
 Freezing Cloud           Conj/Ice/Air   #.........   100%        6    #######
 Invisibility             Hex            ##......     100%        6    #######
 Animate Skeleton         Necr           Unusable     N/A         1    N/A
 Summon Butterflies       Summ           Unusable     N/A         1    N/A
 Summon Small Mammal      Summ           Unusable     N/A         1    N/A
 Call Imp                 Summ           Unusable     N/A         2    N/A
 Summon Guardian Golem    Hex/Summ       Unusable     N/A         3    N/A
 Call Canine Familiar     Summ           Unusable     N/A         3    N/A
 Summon Lightning Spire   Summ/Air       Unusable     N/A         4    N/A
 Summon Ice Beast         Ice/Summ       Unusable     N/A         4    N/A
 Malign Gateway           Summ/Tloc      Unusable     N/A         7    N/A
 Monstrous Menagerie      Summ           Unusable     N/A         7    N/A
 Summon Greater Demon     Summ           Unusable     N/A         7    N/A
 Summon Horrible Things   Summ           Unusable     N/A         8    N/A

Dungeon Overview and Level Annotations

Branches:
Dungeon (12/15)            Temple (1/1) D:4            Lair (6/6) D:9
 Shoals (0/4) Lair:2       Spider (0/4) Lair:3        Slime (0/5) Lair:6
    Orc (2/2) D:12            Elf (0/3) Orc:2

Altars:
Ashenzari
Cheibriados
Dithmenos
Fedhas
Kikubaaqudgha
Ru
Sif Muna
Uskayaw
Vehumet
Wu Jian
Xom
Yredelemnul
The Shining One
Beogh
Jiyva

Shops:
D:9 (   Orc:2 *!=

Annotations:
Orc:2 Saint Roka


Innate Abilities, Weirdness & Mutations

You cannot wear most types of armour.
You are very stealthy in the water. (Stealth+)
You are amphibious.
You can wear up to eight rings at the same time.
You can use your tentacles to constrict eight enemies at once.
Your skin changes colour to match your surroundings (Stealth+).
You are frail. (-10% HP)
Your rubbery body absorbs attacks. (AC +1, EV +1)
You cannot study or use magical devices.
You are hated by all.
You are somewhat unskilled. (-1 Apt)
You tend to lose your temper in combat.
Your muscles are strong. (Str +2)
Your spells are a little easier to cast, but a little less powerful.


Message History

The raiju bursts into living lightning!
The living lightning hits you! You resist.
* * * LOW HITPOINT WARNING * * *
The living lightning hits you! You resist.
* * * LOW HITPOINT WARNING * * *
The raiju blinks!
The golden eye blinks at you. You resist with almost no effort.
The golden eye blinks!
Found an abyssal rune of Zot and 18 arrows.
Press: ? - help, v - describe, . - travel, g - get item
Here: a raiju An abyssal rune of Zot.
Some shallow water.
Okay, then.
Casting: Blink (safe; 11% risk of failure)
Confirm with . or Enter, or press ? or * to list all spells.
You blink.
The blizzard demon waves its arms in wide circles.
The air twists around and strikes you!
You die...

.#.#... .... >.##
.#.#....# .....#..#
.#......# ###
.≈≈≈....### # ..# .
...#......##.#..###..
.......@....#≈≈≈8≈8≈≈
≈≈≈..........≈2≈m≈.≈≈
≈≈.#........∩#§.h§hh..
≈≈≈..........≈3≈.3.2≈
≈≈≈≈..........≈≈≈8≈8≈≈
#≈≈....#........§G...
.≈≈............G.....
#.≈......A..G......G.
.#≈≈....§...#..##..###


You could see a profane servitor, a blizzard demon, a smoke demon and a golden
eye.

Vanquished Creatures
  Gastronok (Orc:1)
  Frances (D:12)
  Kirke (Lair:4)
  An orc warlord (Orc:2)
  Josephine (D:10)
  A blizzard demon (Abyss:4)
  The ghost of Ixohegik the Geomancer, a journeyman DrEE of Vehumet (Lair:1)
  2 ice dragons (IceCv)
  2 hydras
  4 two-headed ogres
  2 orc high priests (Orc:2)
  Urug (Lair:4)
  Nergalle (Lair:4)
  11 death yaks
  A deep elf knight (Bailey)
  Sonja (D:11)
  A wretched star (Abyss:4)
  An unseen horror (Abyss:4)
  A spatial maelstrom (Abyss:4)
  5 starcursed masses (Abyss:4)
  4 orc knights (Orc:2)
  8 deep elf magi (Bailey)
  A wolf spider (Lair:3)
  3 cyclopes
  3 orc sorcerers (Orc:2)
  2 manticores
  3 ice statues
  Maurice (D:8)
  A molten gargoyle (Lair:5)
  3 black mambas
  27 spiny frogs
  A centaur skeleton (D:11)
  2 gargoyles
  4 rime drakes
  7 komodo dragons
  3 ice devils
  An efreet (D:11)
  3 tyrant leeches (Lair:6)
  2 jumping spiders (Lair:3)
  4 trolls
  A hornet (D:11)
  5 polar bears
  9 raiju (Abyss:4)
  8 hippogriffs
  Prince Ribbit (D:7)
  3 slime creatures (D:12)
  26 blink frogs
  2 redbacks (Lair:3)
  6 wraiths
  34 yaks
  2 humans (Lair:4)
  A hungry ghost (D:10)
  2 wyverns
  4 hogs (Lair:4)
  6 vampire mosquitoes (Lair:6)
  A neqoxec (Abyss:4)
  3 small abominations (Abyss:4)
  Grum (D:10)
  7 wargs
  10 water moccasins
  6 porcupines
  An eye of draining (D:11)
  A phantom (D:8)
  38 orc warriors
  3 sky beasts
  A black bear (D:11)
  A necrophage (D:8)
  24 ice beasts
  18 ogres
  2 centaurs
  15 wolves
  17 crocodiles
  4 big kobolds
  29 bullfrogs
  4 scorpions
  3 killer bees (D:11)
  3 wights (D:10)
  8 electric eels
  3 howler monkeys (D:9)
  3 crimson imps
  2 bullfrog zombies
  A quasit (D:7)
  6 hounds
  5 bullfrog skeletons
  34 orc priests
  4 jellies
  5 iguanas
  Terence (D:2)
  22 orc wizards
  10 worker ants
  A lightning spire (Abyss:4)
  A statue (D:9)
  2 hound skeletons (D:6)
  11 adders
  A shadow imp (D:10)
  2 white imps (Lair:5)
  An ooze (D:3)
  3 worms
  An adder skeleton (D:4)
  2 dart slugs (D:1)
  5 leopard geckos
  130 orcs
  3 ball pythons
  7 giant cockroaches
  8 goblins
  9 hobgoblins
  13 jackals
  4 quokkas
  7 bats (D:3)
  3 frilled lizards
  3 jackal skeletons
  22 kobolds
  2 quokka skeletons
  9 rats
  4 fungi
  11 plants
794 creatures vanquished.

Vanquished Creatures (others)
  Harold (D:7)
  A hydra (Lair:6)
  A deep elf mage (Bailey)
  A storm dragon simulacrum (Abyss:4)
  A troll (Orc:1)
  An ancient zyme (Abyss:4)
  A neqoxec (Abyss:4)
  An orc warrior (Orc:2)
  An ogre (D:10)
  An orc priest (D:10)
  A leopard gecko (D:10)
  3 orcs
  A hobgoblin (D:12)
  A kobold (D:10)
  13 fungi
  53 plants
  4 spectral weapons
86 creatures vanquished.

Grand Total: 880 creatures vanquished

Notes
Turn   | Place    | Note
-------+----------+-------------------------------------------
     0 | D:1      | Drachen the Octopode Fighter began the quest for the Orb.
     0 | D:1      | Reached XP level 1. HP: 16/16 MP: 1/1
    27 | D:1      | Reached XP level 2. HP: 15/21 MP: 2/2
   585 | D:1      | You fall through a shaft!
   601 | D:2      | Reached XP level 3. HP: 20/26 MP: 3/3
  1299 | D:2      | Noticed Terence
  1308 | D:2      | Killed Terence
  1308 | D:2      | Reached skill level 1 in Stealth
  1308 | D:2      | Reached XP level 4. HP: 16/32 MP: 4/4
  2303 | D:3      | Reached XP level 5. HP: 37/37 MP: 5/5
  2307 | D:3      | You fall through a shaft for 3 floors!
  2319 | D:5      | Entered Level 5 of the Dungeon
  2361 | D:5      | HP: 1/37 [poisoned by a worker ant]
  2773 | D:4      | Found a staircase to the Ecumenical Temple.
  2785 | Temple   | Entered the Ecumenical Temple
  2808 | Temple   | Became a worshipper of Ru the Awakened
  2926 | D:4      | Reached XP level 6. HP: 34/43 MP: 6/6
  3107 | D:3      | HP: 2/43 [something/magic dart (11)]
  3369 | D:3      | Found an ornate altar of the Wu Jian Council.
  3510 | D:3      | Learned a level 2 spell: Blink
  4115 | D:4      | Gained mutation: You are somewhat unskilled. (-1 Apt) [Ru
                  | sacrifice]
  4115 | D:4      | Reached * piety under Ru
  4253 | D:4      | Found a shattered altar of Ashenzari.
  4624 | D:4      | Reached XP level 7. HP: 41/47 MP: 7/7
  5087 | D:5      | Reached skill level 1 in Spellcasting
  5087 | D:5      | Reached skill level 1 in Translocations
  5581 | D:6      | Reached XP level 8. HP: 42/54 MP: 10/10
  5933 | D:7      | Noticed Harold
  5949 | D:7      | Killed Harold
  5949 | D:7      | Reached skill level 5 in Fighting
  5949 | D:7      | Reached skill level 5 in Long Blades
  5949 | D:7      | Reached XP level 9. HP: 20/61 MP: 11/11
  6167 | D:7      | Reached skill level 5 in Dodging
  6168 | D:7      | Reached skill level 5 in Shields
  6191 | D:7      | Noticed Prince Ribbit
  6210 | D:7      | Killed Prince Ribbit
  6222 | D:7      | Found a shimmering altar of Xom.
  6307 | D:7      | Learned a level 2 spell: Shroud of Golubria
  6354 | D:7      | Gained mutation: You cannot study or use magical devices.
                  | [Ru sacrifice]
  6354 | D:7      | Reached ** piety under Ru
  6354 | D:7      | Reached *** piety under Ru
  6354 | D:7      | Reached **** piety under Ru
  6355 | D:7      | Found a snail-covered altar of Cheibriados.
  6445 | D:7      | Found a glowing golden altar of the Shining One.
  6465 | D:7      | Reached skill level 1 in Charms
  6852 | D:8      | Found the +6 lightning scales {run, rElec}
  6977 | D:8      | Noticed Maurice
  6986 | D:8      | Killed Maurice
  7052 | D:8      | Reached skill level 5 in Charms
  7128 | D:8      | Noticed a two-headed ogre
  7442 | D:8      | Reached XP level 10. HP: 46/65 MP: 12/12
  7773 | D:8      | Identified Sif Muna's Papyrus of Ghastly Weightlessness
  7950 | D:8      | Learned a level 1 spell: Infusion
  7962 | D:8      | Killed a two-headed ogre
  8311 | D:9      | Found a staircase to the Lair.
  9120 | D:9      | Found Ujittid's Antique Weapon Emporium.
  9127 | D:9      | Bought a twisted falchion for 216 gold pieces
  9127 | D:9      | Identified the +10 falchion "Akituemm" {drain, rC++ SInv
                  | Stlth+} (You bought it in a shop on level 9 of the Dungeon)
  9143 | D:9      | Gained mutation: You are hated by all. [Ru sacrifice]
  9143 | D:9      | Reached ***** piety under Ru
  9496 | D:9      | Found a radiant altar of Vehumet.
  9641 | D:10     | Entered Level 10 of the Dungeon
  9951 | D:9      | Learned a level 2 spell: Song of Slaying
  9952 | Lair:1   | Entered Level 1 of the Lair of Beasts
 10328 | Lair:1   | Noticed a spiny frog
 10335 | Lair:1   | Killed a spiny frog
 10335 | Lair:1   | Reached XP level 11. HP: 72/72 MP: 13/13
 10380 | Lair:1   | Found a runed door.
 10385 | Lair:1   | Noticed Ixohegik's ghost (journeyman DrEE)
 10406 | Lair:1   | Reached skill level 5 in Translocations
 10633 | Lair:1   | Learned a level 2 spell: Swiftness
 11061 | Lair:1   | Gained mutation: Your magical capacity is low. (-10% MP)
                  | [potion of mutation]
 11061 | Lair:1   | Gained mutation: You are covered in fur. (AC +1) [potion of
                  | mutation]
 11061 | Lair:1   | Gained mutation: Your system is resistant to poisons.
                  | (rPois) [potion of mutation]
 11062 | Lair:1   | Lost mutation: Your magical capacity is low. (-10% MP)
                  | [potion of mutation]
 11062 | Lair:1   | Lost mutation: You are covered in fur. (AC +1) [potion of
                  | mutation]
 11062 | Lair:1   | Gained mutation: You evolve. [potion of mutation]
 11062 | Lair:1   | Gained mutation: Your spells are a little harder to cast,
                  | but a little more powerful. [potion of mutation]
 11906 | Lair:3   | Found a hole to the Spider Nest.
 11907 | Lair:3   | Noticed a wolf spider
 11926 | Lair:3   | Killed a wolf spider
 12145 | Lair:2   | Got a smoking ivory ring
 12146 | Lair:2   | Identified the ring of Mousimow {rElec rC+ Int+4 Slay+3}
                  | (You found it on level 2 of the Lair of Beasts)
 12220 | Lair:2   | Reached skill level 1 in Air Magic
 12500 | Lair:2   | Noticed a manticore
 12724 | Lair:2   | Killed a manticore
 12851 | Lair:2   | Found a staircase to the Shoals.
 13240 | Lair:3   | Reached XP level 12. HP: 65/81 MP: 14/14
 13478 | Lair:3   | Noticed a death yak
 13502 | Lair:3   | Noticed a death yak
 13524 | Lair:3   | Killed a death yak
 13543 | Lair:3   | Noticed a death yak
 13543 | Lair:3   | Noticed a death yak
 13614 | Lair:2   | Killed a death yak
 13859 | Lair:2   | Gained mutation: You are frail. (-10% HP) [Ru sacrifice]
 13859 | Lair:2   | Reached ****** piety under Ru
 13912 | Lair:2   | Killed a death yak
 15016 | Lair:4   | Noticed Urug
 15029 | Lair:4   | Killed Urug
 15042 | Lair:4   | Noticed a five-headed hydra
 15203 | Lair:4   | Noticed Nergalle
 15213 | Lair:4   | Killed Nergalle
 15239 | Lair:4   | Noticed Kirke
 15432 | Lair:4   | Killed Kirke
 16206 | Lair:4   | Killed a death yak
 16206 | Lair:4   | Reached XP level 13. HP: 43/80 MP: 15/15
 18031 | Lair:5   | Gained mutation: You have supernaturally acute eyesight.
                  | (SInv) [evolution]
 18031 | Lair:5   | Lost mutation: You evolve. [end of evolution]
 18265 | Lair:5   | Lost mutation: Your spells are a little harder to cast, but
                  | a little more powerful. [potion of mutation]
 18265 | Lair:5   | Lost mutation: You have supernaturally acute eyesight.
                  | (SInv) [potion of mutation]
 18265 | Lair:5   | Lost mutation: Your system is resistant to poisons. (rPois)
                  | [potion of mutation]
 18265 | Lair:5   | Gained mutation: Your spells are a little easier to cast,
                  | but a little less powerful. [potion of mutation]
 18265 | Lair:5   | Gained mutation: Your muscles are strong. (Str +2) [potion
                  | of mutation]
 18675 | Lair:6   | Entered Level 6 of the Lair of Beasts
 18726 | Lair:6   | Found a staircase to the Slime Pits.
 18726 | Lair:6   | Found a viscous altar of Jiyva.
 19212 | Lair:6   | Got a transparent dagger
 19213 | Lair:6   | Identified the +0 dagger "Keuffir" {pain, MP-9 Int+6 Dex+6}
                  | (You found it on level 6 of the Lair of Beasts)
 19381 | Lair:6   | Learned a level 3 spell: Spectral Weapon
 19387 | Lair:6   | Reached skill level 10 in Fighting
 19387 | Lair:6   | Reached skill level 10 in Long Blades
 19408 | Lair:6   | Found the +2 hat of the Bear Spirit {Spirit, +Rage rN+
                  | MR++}
 19455 | Lair:6   | Reached skill level 10 in Shields
 19455 | Lair:6   | Reached XP level 14. HP: 47/89 MP: 1/16
 19457 | Lair:6   | Reached skill level 10 in Dodging
 19918 | Lair:6   | Reached skill level 1 in Hexes
 20165 | Lair:6   | Reached skill level 5 in Hexes
 20954 | Lair:1   | Killed Ixohegik's ghost
 21091 | D:10     | Noticed Josephine
 21108 | D:10     | Killed Josephine
 21672 | D:10     | Noticed Grum
 21678 | D:10     | Killed Grum
 21917 | D:11     | Noticed Sonja
 21922 | D:11     | Killed Sonja
 21964 | D:11     | Found a flagged portal.
 21973 | Bailey   | Entered a bailey
 22107 | Bailey   | Identified Xieth's Catalogue of the Unstable Snowflakes
 23090 | D:12     | Learned a level 3 spell: Regeneration
 23091 | D:12     | Found a frozen archway.
 23242 | IceCv    | Entered an ice cave
 23285 | IceCv    | Reached XP level 15. HP: 69/94 MP: 15/17
 23660 | IceCv    | Found the macabre finger necklace {rN+}
 23940 | D:12     | Found a staircase to the Orcish Mines.
 24147 | D:12     | Noticed Frances
 24157 | D:12     | Killed Frances
 24608 | Orc:1    | Entered Level 1 of the Orcish Mines
 24620 | Orc:1    | Noticed Gastronok
 24652 | Orc:1    | Killed Gastronok
 25094 | Orc:2    | Entered Level 2 of the Orcish Mines
 25404 | Orc:2    | Found Wozoguge's Assorted Antiques.
 25433 | Orc:2    | Bought a scroll of identify for 42 gold pieces
 25491 | Orc:2    | Noticed Saint Roka
 25546 | Orc:2    | Found Savyar's Jewellery Shop.
 25566 | Orc:2    | Found Miuklub's Distillery.
 25580 | Orc:2    | Bought a potion of magic for 88 gold pieces
 25580 | Orc:2    | Bought a potion of heal wounds for 55 gold pieces
 25580 | Orc:2    | Bought a potion of agility for 44 gold pieces
 25607 | Orc:2    | Found a roughly hewn altar of Beogh.
 25718 | Orc:2    | Noticed an orc warlord
 25738 | Orc:2    | Killed an orc warlord
 26522 | Orc:2    | Found a staircase to the Elven Halls.
 26664 | Orc:2    | Found a roughly hewn altar of Beogh.
 26676 | Orc:2    | Cast into level 4 of the Abyss (Saint Roka)
 26768 | Abyss:4  | Noticed a bone dragon
 26854 | Abyss:4  | Gained mutation: You tend to lose your temper in combat. [a
                  | neqoxec]
 26987 | Abyss:4  | Noticed a Hell Sentinel
 26987 | Abyss:4  | Noticed a lich
 27097 | Abyss:4  | Noticed a profane servitor
 27100 | Abyss:4  | Noticed a shadow dragon
 27108 | Abyss:4  | Killed from afar by a blizzard demon

Vault maps used:
D:1:      minmay_arrival_jagged, minivault_24, st_stairs_12, minmay_pentomino_p4
D:2:      lemuel_upstairs_altar, serial_park_tiny_1, uniq_terence
D:3:      marbit_many_paths, serial_aquarium, aquarium_bridge_square,
          aquarium_window_2, aquarium_window_1, aquarium_view_2b,
          aquarium_view_2c, aquarium_pool_side, minmay_three_crescents
D:4:      old_standard_altar, minmay_temple_entry_glassed_door
D:5:      first_ration
D:7:      minitemple, amethyst_killhole, uniq_prince_ribbit1, uniq_harold
D:8:      uniq_maurice
D:9:      vehumet_statue, erik_lair_orcish_takeover, serial_shops, shop,
          serial_column_ruins, column_ruins_hut_ruined, column_ruins_open_tiny,
          column_ruins_corridor_dead_end, column_ruins_grid_3
D:10:     uniq_josephine, uniq_grum
D:11:     serial_bayou, serial_bayou_pond_a, serial_bayou_lagoon_a,
          serial_bayou_crossing, serial_bayou_lagoon_b, serial_bayou_pond_a,
          enter_bailey_2, uniq_sonja
D:12:     erik_orc_4, portal_ice_cave_demonic_guard, uniq_frances
Temple:   eino_temple_scatter_basement
Lair:1:   beast_lair_carwin_large_3, ebering_ghost_reflecting_pool
Lair:2:   minmay_shoals_entry_beasts, st_stairs_5, wad_woods_road_02
Lair:3:   spider_nest_entry_funnel_web, minivault_24,
          infiniplex_staircase_pool_2
Lair:4:   uniq_urug, uniq_nergalle, uniq_kirke
Lair:5:   st_stairs_8, ice2_lemuel
Lair:6:   minmay_lair_end_frog_pond, slime_altar_1, minmay_lair_drake_nest
Orc:1:    uniq_gastronok
Orc:2:    pubby_orc_utopia, serial_shops
Bailey:   bailey_polearm_3, bailey
IceCv:    ice_cave_small_dragons

Skill      XL: |  1  2  3  4  5  6  7  8  9 10 11 12 13 14 15 |
---------------+----------------------------------------------+-----
Stealth        | 1 2 3 3 |  3.9
Long Blades    | 3 3 4 5 6 7 8 10 11 | 11.8
Fighting       | 4 3 4 5 6 7 8 10 11 | 11.8
Spellcasting   | 1 |  1.8
Translocations | 1 3 4 5 |  5.4
Dodging        | 4 5 6 7 8 9 10 11 | 11.7
Shields        | 4 5 6 7 8 10 11 | 11.7
Charms         | 5 7 |  7.5
Air Magic      | 2 3 |  3.6
Hexes          | 5 |  5.6

Action                   |  1- 3 |  4- 6 |  7- 9 | 10-12 | 13-15 || total
-------------------------+-------+-------+-------+-------+-------++-------
Melee: Long sword        |    56 |   119 |   163 |    78 |       ||   416
       Constrict         |    16 |    37 |    45 |    60 |   182 ||   340
       Tentacles         |     9 |    28 |    40 |   109 |   348 ||   534
       Falchion          |       |       |       |   304 |  1032 ||  1336
       Dagger            |       |       |       |       |    18 ||    18
       Scimitar          |       |       |       |       |     8 ||     8
Throw: Throwing net      |       |       |     1 |       |       ||     1
       Javelin           |       |       |       |    28 |    45 ||    73
       Tomahawk          |       |       |       |       |     5 ||     5
 Cast: Blink             |       |       |     1 |     5 |     3 ||     9
       Infusion          |       |       |       |     9 |     2 ||    11
       Shroud of Golubri |       |       |       |    11 |    33 ||    44
       Song of Slaying   |       |       |       |     1 |     6 ||     7
       Swiftness         |       |       |       |     1 |     1 ||     2
       Spectral Weapon   |       |       |       |       |     7 ||     7
       Regeneration      |       |       |       |       |     5 ||     5
Invok: Sacrifice Skill   |       |     1 |       |       |       ||     1
       Sacrifice Artific |       |       |     1 |       |       ||     1
       Draw Out Power    |       |       |       |     5 |     4 ||     9
       Power Leap        |       |       |       |     2 |     6 ||     8
       Sacrifice Love    |       |       |       |     1 |       ||     1
       Apocalypse        |       |       |       |     2 |     4 ||     6
       Sacrifice Health  |       |       |       |     1 |       ||     1
Evoke: Wand              |       |       |     4 |       |       ||     4
  Use: Scroll            |       |     3 |     6 |    17 |    17 ||    43
       Potion            |       |     3 |       |     7 |    10 ||    20
 Stab: Sleeping          |     6 |    22 |    17 |    11 |    22 ||    78
       Invisible         |       |       |     2 |     3 |    11 ||    16
       Distracted        |       |       |       |     4 |    13 ||    17
       Paralysed         |       |       |       |     6 |    19 ||    25
  Eat: Chunk             |       |     8 |     3 |    14 |    22 ||    47
       Ration            |       |     1 |     2 |     5 |     5 ||    13
Armor: Skin              |     1 |     7 |     6 |     8 |    20 ||    42
Dodge: Dodged            |    31 |    47 |    55 |   171 |   463 ||   767
Block: Shield            |    19 |    39 |    70 |   156 |   480 ||   764
       Rpst.: Long sword |     3 |    16 |    10 |    14 |       ||    43
       Falchion          |       |       |       |    36 |   115 ||   151
       Scimitar          |       |       |       |       |     1 ||     1

Table legend:
 A = Non-vault XP
 B = Vault XP
 C = Vault XP percentage of total XP
 D = Non-vault monster count
 E = Vault monster count
 F = Vault count percentage of total count
                 A         B        C        D         E       F
            +---------+---------+-------+---------+---------+-------
      Total |   64754 |   62430 |  49.1 |     482 |     305 |  38.8
            +---------+---------+-------+---------+---------+-------
        D:1 |      30 |      12 |  28.6 |      16 |       6 |  27.3
        D:2 |      62 |      36 |  36.7 |      19 |       1 |   5.0
        D:3 |     172 |      21 |  10.9 |      39 |       7 |  15.2
        D:4 |     163 |       0 |   0.0 |       6 |       0 |   0.0
        D:5 |     284 |       0 |   0.0 |      10 |       0 |   0.0
        D:6 |     643 |       0 |   0.0 |      16 |       0 |   0.0
        D:7 |    1002 |    1109 |  52.5 |      29 |       2 |   6.5
        D:8 |    2015 |     681 |  25.3 |      30 |       3 |   9.1
        D:9 |    1070 |     331 |  23.6 |      21 |       8 |  27.6
       D:10 |    1951 |    2537 |  56.5 |      36 |       9 |  20.0
       D:11 |    5476 |     795 |  12.7 |      42 |       1 |   2.3
       D:12 |    4900 |    3280 |  40.1 |      22 |      17 |  43.6
     Lair:1 |    3762 |    2211 |  37.0 |      20 |      11 |  35.5
     Lair:2 |    5576 |     646 |  10.4 |      20 |       2 |   9.1
     Lair:3 |    2884 |    1396 |  32.6 |      12 |       5 |  29.4
     Lair:4 |    4439 |    4341 |  49.4 |      20 |       7 |  25.9
     Lair:5 |    6810 |    2612 |  27.7 |      21 |      14 |  40.0
     Lair:6 |   11066 |   13707 |  55.3 |      31 |      55 |  64.0
      Orc:1 |    3408 |    2245 |  39.7 |      48 |       1 |   2.0
      Orc:2 |       0 |   15332 | 100.0 |       0 |     124 | 100.0
    Abyss:4 |    9041 |     294 |   3.1 |      24 |       2 |   7.7
     Bailey |       0 |    5768 | 100.0 |       0 |      10 | 100.0
      IceCv |       0 |    5076 | 100.0 |       0 |      20 | 100.0
            +---------+---------+-------+---------+---------+-------
